 Dungeon Crawl Stone Soup version 0.22-a0-877-g5c4e1af (webtiles) character file.

4 prawnwizard the Slasher (level 1, 0/16 HPs)
             Began as a Demonspawn Gladiator on July 29, 2018.
             Slain by a bat (1 damage)
             ... on level 1 of the Dungeon.
             The game lasted 00:00:15 (90 turns).

prawnwizard the Slasher (Demonspawn Gladiator)        Turns: 90, Time: 00:00:15

Health: 0/16       AC:  4    Str: 14    XL:     1   Next: 58%
Magic:  1/1        EV: 12    Int:  9    God:
Gold:   0          SH:  0    Dex: 14    Spells: 0/0 levels left

rFire    . . .     SeeInvis .   a - +0 long sword
rCold    . . .     Gourm    .   (no shield)
rNeg     . . .     Faith    .   b - +0 leather armour
rPois    .         Spirit   .   c - +0 helmet
rElec    .         Reflect  .   (no cloak)
rCorr    .         Harm     .   (no gloves)
MR       .....                  (no boots)
Stlth    +.........             (no amulet)
HPRegen  0.05/turn              (no ring)
MPRegen  0.07/turn              (no ring)

@: no status effects
A: no striking features
a: no special abilities


You were on level 1 of the Dungeon.
You were not hungry.

You visited 1 branch of the dungeon, and saw 1 of its levels.

Inventory:

Hand Weapons
 a - a +0 long sword (weapon)
Missiles
 d - 3 throwing nets (quivered)
Armour
 b - a +0 leather armour (worn)
 c - a +0 helmet (worn)
Scrolls
 g - a scroll of remove curse {unknown}
 i - a scroll of noise {unknown}
Potions
 e - a potion of might {unknown}
 h - a potion of heal wounds {unknown}
 k - 2 potions of ambrosia {unknown}
Comestibles
 f - 2 rations
 j - 2 chunks of flesh


   Skills:
 + Level 2.1 Fighting
 * Level 2.8 Long Blades
 - Level 1.7 Throwing
 + Level 2.7 Dodging


You couldn't memorise any spells.
You didn't know any spells.
Your spell library was empty.

Dungeon Overview and Level Annotations

Branches:
Dungeon (1/15)

Altars:


Message History

You are too injured to fight recklessly!
You are too injured to fight recklessly!
You are too injured to fight recklessly!
You are too injured to fight recklessly!
You are too injured to fight recklessly!
You are too injured to fight recklessly!
You are too injured to fight recklessly!
You are too injured to fight recklessly!
You are too injured to fight recklessly!
You are too injured to fight recklessly!
You are too injured to fight recklessly!
You are too injured to fight recklessly!
You are too injured to fight recklessly!
Unknown command.
You barely miss the kobold. The bat closely misses you.
You riposte.
You miss the bat. The rat closely misses you.
You riposte.
You closely miss the rat. The kobold hits you with a short sword.
* * * LOW HITPOINT WARNING * * *
You barely miss the kobold. The bat hits you.
You die...

##.# #.## #.### #..#
### #...# ##.# #w.# #..
###.# #.# #.r. ..# #.#
#.# #..# .. # #.# #.#
#K.# .###.# #.#
#.###..##..... ##.##
#......#b..#
###...###..###.#@###
....#..........K†r.#
###........####.......#
#.#####..# ###.......
###.# #..# #######
....# ...# ###.# .P..#
#.###.PP.# #.>.P.♣..


You could see a bat, a kobold and a rat.

Vanquished Creatures
  2 giant cockroaches (D:1)
  2 frilled lizards (D:1)
  A rat (D:1)
5 creatures vanquished.

Notes
Turn   | Place    | Note
-------+----------+-------------------------------------------
     0 | D:1      | prawnwizard the Demonspawn Gladiator began the quest for the Orb.
     0 | D:1      | Reached XP level 1. HP: 16/16 MP: 1/1
    90 | D:1      | Slain by a bat

Vault maps used:
D:1:      minmay_arrival_four_houses, serial_forest,
          infiniplex_forest_clump_large, infiniplex_forest_clump_small,
          infiniplex_forest_zigzag_2, infiniplex_forest_clump_curved,
          infiniplex_forest_straight_5, infiniplex_forest_clump_medium,
          infiniplex_forest_end_2, minmay_fountain_box, minmay_pentomino_t4

Action                   || total
-------------------------++-------
Melee: Long sword        ||    14
Armor: Leather armour    ||     7
Dodge: Dodged            ||    20
       Rpst.: Long sword ||     5

Table legend:
 A = Spawn XP
 B = Non-spawn XP
 C = Spawn XP percentage of total XP
 D = Spawn monster count
 E = Non-spawn monster count
 F = Spawn count percentage of total count
 G = Total turns spent on level
                    A         B        C        D         E        F      G
               +---------+---------+-------+---------+---------+-------+---------
         Total |       0 |       7 |   0.0 |       0 |       5 |   0.0 |    90
               +---------+---------+-------+---------+---------+-------+---------
           D:1 |       0 |       7 |   0.0 |       0 |       5 |   0.0 |    90
               +---------+---------+-------+---------+---------+-------+---------
